 Dungeon Sprint DCSS version 0.31.0-1-g2c135a008e (webtiles) character file.

Game seed: 9314085361525098687

71948 Groucho the End of an Era (level 15, -43/112 HPs)
             Began as a Gargoyle Fighter on Jan 21, 2024.
             Was the Champion of Qazlal.
             Killed from afar by an orb of fire (67 damage)
             ... with a bolt of fire
             ... in the Dungeon (Sprint VII: "The Pits").
             The game lasted 00:28:09 (9892 turns).

Groucho the End of an Era (Gargoyle Fighter)        Turns: 9892, Time: 00:28:09

Health: -43/112    AC: 45    Str: 34    XL:     15   Next: 38%
Magic:  22/30      EV: 12    Int:  9    God:    Qazlal [******]
Gold:   42         SH: 21    Dex:  9    Spells: 14/14 levels left

rFire   . . .        G - +16 obsidian axe {drain, demonic, Mesm ^Drain Fly SInv}
rCold   + + .        c - +0 buckler
rNeg    + . .        o - +3 storm dragon scales
rPois   ∞            F - +0 hat {Stlth+}
rElec   +            v - +1 cloak {Stlth+}
rCorr   .            b - +1 pair of gloves
SInv    +            (no boots)
Will    ++...        L - amulet of Dishonesty {Reflect rPois Str+4 SH+5 SInv} Stlth
                     K - ring "Tibb" {Will+ AC+6 Str+3 Dex+2}
HPRegen 0.38/turn    e - ring "Olluteem" {rC++ Slay+5}
MPRegen 0.22/turn

%: no teleportation, repel missiles, reflection
@: flying, mesmerised, studying Short Blades
A: sickness immunity, AC +11, big wings, negative energy resistance 1,
electricity resistance, torment resistance 1, petrification resistance, clumsy 1
a: Renounce Religion, Upheaval, Elemental Force, Disaster Area


You were in the Dungeon.
You worshipped Qazlal.
Qazlal was exalted by your worship.
You visited 1 branch You collected 42 gold pieces.

Inventory:

Hand Weapons
 n - a +3 demon whip of pain
 t - a +0 vampiric demon whip
 G - the +16 obsidian axe (weapon) {drain, demonic, Mesm ^Drain Fly SInv}
   (You took it off a skeletal warrior in the Dungeon)

   Mesm:      Its wielder is mesmerised by any visible foes, and it cannot be
   unequipped while any foes are visible.
   SInv:      It lets you see invisible.
   Fly:       It grants you flight.
   ^Drain:    It drains your maximum health when unequipped.
 H - the +13 scythe of Curses {drain, curses, ^Drain}
   (You took it off a skeletal warrior in the Dungeon)

   ^Drain:    It drains your maximum health when unequipped.
Armour
 b - a +1 pair of gloves (worn)
 c - a +0 buckler (worn)
 o - +3 storm dragon scales (worn)
 u - +2 gold dragon scales
 v - a +1 cloak of stealth (worn)
 F - a +0 hat of stealth (worn)
Jewellery
 a - a +3 ring of strength
 e - the ring "Olluteem" (right hand) {rC++ Slay+5}
   (You found it in the Dungeon)

   [ring of slaying]

   Slay+5:    It affects your accuracy & damage with ranged weapons and melee
   (+5).
   rC++:      It greatly protects you from cold.
 f - the ring "Hoopse" {rN+ EV+5}
   (You found it in the Dungeon)

   [ring of evasion]

   EV+5:      It affects your evasion (+5).
   rN+:       It protects you from negative energy.
 p - a +3 ring of intelligence
 z - a ring of protection from fire
 C - a ring of willpower
 D - a +6 ring of dexterity
 E - a ring of positive energy
 J - a +5 ring of slaying
 K - the ring "Tibb" (left hand) {Will+ AC+6 Str+3 Dex+2}
   (You found it in the Dungeon)

   [ring of protection]

   AC+6:      It affects your AC (+6).
   Str+3:     It affects your strength (+3).
   Dex+2:     It affects your dexterity (+2).
   Will+:     It increases your willpower.
 L - the amulet of Dishonesty (around neck) {Reflect rPois Str+4 SH+5 SInv}
   (You found it in the Dungeon)

   [amulet of reflection]

   Reflect:   It reflects blocked missile attacks.
   Str+4:     It affects your strength (+4).
   rPois:     It protects you from poison SInv: It lets you see invisible.
   SH+5:      It affects your SH (+5).
 M - the ring of Lady Luck {rC+ rN+ Will+ MP+9}
   (You found it in the Dungeon)

   [ring of magical power]

   rC+:       It protects you from cold.
   rN+:       It protects you from negative energy.
   Will+:     It increases your willpower.
   MP+9:      It affects your magic capacity (+9).
 N - the ring "Hompudwi" {rElec rCorr}
   (You found it in the Dungeon)

   [ring of resist corrosion]

   rElec:     It insulates you from electricity.
   rCorr:     It protects you from acid and corrosion.
Wands
 B - a wand of flame (14)
 I - a wand of digging (5)
Scrolls
 j - 2 scrolls of fog
 l - 2 scrolls of vulnerability
 m - 5 scrolls of amnesia
 w - 2 scrolls of fear
 x - 3 scrolls of enchant armour
 y - 2 scrolls of enchant weapon
 A - 2 scrolls of identify
Potions
 d - a potion of might
 g - 7 potions of haste
 h - 6 potions of magic
 i - 5 potions of berserk rage
 k - 2 potions of invisibility
 q - 2 potions of resistance
 r - 5 potions of mutation
 s - 3 potions of brilliance


   Skills:
 + Level 20.2 Fighting
 + Level 7.1(12.4) Axes
 - Level 17.0(17.7) Maces & Flails
 + Level 20.0 Armour
 + Level 10.3 Dodging
 + Level 19.9 Shields
 - Level 6.0 Necromancy
 * Level 23.0 Invocations


You had 14 spell levels left.
You didn't know any spells.
Your spell library contained the following spells:

 Spells                   Type           Power      Damage    Failure   Level
 Kiss of Death            Conj/Necr      20%        2d7       28%         1
 Animate Dead             Necr           10%        N/A       63%         4
 Dispel Undead            Necr           10%        3d9       63%         4
 Foxfire                  Conj/Fire      0%         2x1d4     69%         1
 Sandblast                Erth           0%         2d4       69%         1
 Shock                    Conj/Air       0%         1d3       69%         1
 Sting                    Conj/Alch      0%         1d3       69%         1
 Blink                    Tloc           0%         N/A       83%         2
 Lesser Beckoning         Tloc           0%         N/A       83%         2
 Mercury Vapours          Alch/Air       0%         N/A       83%         2
 Momentum Strike          Conj/Tloc      0%         3d8       83%         2
 Frozen Ramparts          Ice            0%         1d1       96%         3
 Passwall                 Erth           0%         N/A       96%         3
 Summon Ice Beast         Ice/Summ       0%         N/A       96%         3
 Teleport Other           Tloc           0%         N/A       96%         3
 Volatile Blastmotes      Fire/Tloc      0%         2d10      96%         3
 Martyr's Knell           Necr/Summ      5%         N/A       96%         4
 Ignite Poison            Fire/Alch      0%         N/A       100%        4
 Leda's Liquefaction      Alch/Erth      0%         N/A       100%        4
 Olgreb's Toxic Radiance  Alch           0%         N/A       100%        4
 Petrify                  Alch/Erth      0%         N/A       100%        4
 Sticky Flame             Fire/Alch      0%         2d4       100%        4
 Vhi's Electric Charge    Tloc/Air       0%         N/A       100%        4
 Arcjolt                  Conj/Air       0%         1d10      100%        5
 Borgnjor's Vile Clutch   Necr/Erth      2%         N/A       100%        5
 Metabolic Englaciation   Hex/Ice        0%         N/A       100%        5
 Summon Forest            Summ/Tloc      0%         N/A       100%        5
 Summon Mana Viper        Hex/Summ       0%         N/A       100%        5
 Conjure Ball Lightning   Conj/Air       0%         3x3d6     100%        6
 Death Channel            Necr           5%         N/A       100%        6
 Plasma Beam              Fire/Air       0%         2x1d10    100%        6
 Starburst                Conj/Fire      0%         6d3       100%        6
 Haunt                    Necr/Summ      2%         N/A       100%        7
 Infestation              Necr           5%         N/A       100%        8
 Cigotuvi's Dreadful Rot  Necr/Alch/Air  Unusable   N/A       N/A         2

Dungeon Overview and Level Annotations

Branches:
Dungeon (1/1)

Altars:
Ashenzari
Cheibriados
Dithmenos
Elyvilon
Fedhas
Gozag
Hepliaklqana
Kikubaaqudgha
Makhleb
Nemelex Xobeh
Okawaru
Qazlal
Ru
Sif Muna
Trog
Uskayaw
Vehumet
Wu Jian
Xom
Yredelemnul
Zin
The Shining One
Jiyva
Lugonu


Innate Abilities, Weirdness & Mutations

You are immune to sickness and miasma.
Your stone body is resilient. (AC +11)
You are immune to poison.
Your large and strong wings let you fly.
You resist negative energy. (rN+)
You are resistant to electric shocks. (rElec)
You are resistant to unholy torment.
You are immune to petrification.
You are clumsy. (Dex -2)


Message History

The 27-headed Lernaean hydra is almost dead.
The blast of rubble hits the orb of fire!!!
The orb of fire is heavily damaged.
The blast of rubble hits the profane servitor!
The profane servitor is severely damaged.
The blast of rubble hits the angel!!!
The angel is almost dead.
The blast of rubble hits the angel!!
You kill the angel!
Qazlal accepts your kill.
The blast of rubble hits the profane servitor!
The profane servitor is severely damaged.
The blast of rubble hits the orb of fire!!
The orb of fire is severely damaged.
The blast of rubble hits the 27-headed Lernaean hydra!!!
You kill the 27-headed Lernaean hydra!
Qazlal accepts your kill.
The blast of magma engulfs the orb of fire!!
The orb of fire partially resists.
The orb of fire is almost destroyed.
The blast of magma engulfs the orb of fire!!
The orb of fire partially resists.
The orb of fire is severely damaged.
The blast of ice hits the profane servitor!!!
The profane servitor partially resists.
You break out of your daze!
You destroy the profane servitor!
Qazlal accepts your kill.
The blast of ice hits the orb of fire!!!
The orb of fire partially resists.
You destroy the orb of fire!
Qazlal accepts your kill.
The blast of ice hits the orb of fire!
The orb of fire partially resists.
The orb of fire is severely damaged.
The orb of fire is flash-frozen.
Visions of slaying the orb of fire flood into your mind.
The orb of fire glows yellow.
The bolt of fire hits you!!!
Ouch! That really hurt!
You die...

#+#
##)##
)≈≈
≈.)
#*#
#'#
#@#
#'#
#.#
#'#
#.#
#§#
#.#
#'#
#.#


You could see an orb of fire (mesmerising, frozen).

Vanquished Creatures
  An orb of fire (D)
  A royal mummy (D)
  the Lernaean hydra (D)
  A profane servitor (D)
  A pearl dragon (D)
  An electric golem (D)
  2 sphinxes (D)
  An Executioner (D)
  A shadow dragon (D)
  Gastronok (D)
  3 nagarajas (D)
  A draconian knight (D)
  A balrug (D)
  2 orc warlords (D)
  2 ghouls (D)
  An angel (D)
  A spriggan defender (D)
  A draconian annihilator (D)
  A deep elf demonologist (D)
  A lorocyproca (D)
  A deep elf death mage (D)
  Nessos (D)
  A white draconian (D)
  A deep elf annihilator (D)
  A minotaur (D)
  Azrael (D)
  An ettin (D)
  A yellow draconian (D)
  An eidolon (D)
  A green death (D)
  A mummy priest (D)
  A blizzard demon (D)
  A yaktaur captain (D)
  A deep elf high priest (D)
  2 vault guards (D)
  A boulder beetle (D)
  A hydra (D)
  4 two-headed ogres (D)
  An ogre mage (D)
  5 naga warriors (D)
  3 vampire magi (D)
  An orc high priest (D)
  An iron elemental (D)
  2 hell knights (D)
  4 skeletal warriors (D)
  A fire crab (D)
  A shadow wraith (D)
  A deep elf knight (D)
  A sixfirhy (D)
  A sea snake (shapeshifter) (D)
  A sea snake (D)
  2 phantasmal warriors (D)
  An arcanist (D)
  A spriggan druid (D)
  A deep troll (D)
  2 bog bodies (D)
  4 harpies (D)
  2 lindwurms (D)
  10 orc knights (D)
  A deep elf pyromancer (D)
  An orc sorcerer (D)
  An ugly thing (D)
  A manticore (D)
  2 elephants (D)
  3 guardian serpents (D)
  2 naga magi (D)
  A smoke demon (D)
  2 eyes of devastation (D)
  An orange demon (D)
  A cane toad (D)
  2 yaktaurs (D)
  2 kobold demonologists (D)
  An efreet (D)
  2 red devils (D)
  A troll (D)
  A hornet (D)
  A tyrant leech (D)
  5 glass eyes (D)
  Sigmund (D)
  A jumping spider (D)
  A water elemental (D)
  A spriggan (D)
  A shadow (D)
  A ynoxinul (D)
  2 fire bats (D)
  6 fire elementals (D)
  6 redbacks (D)
  A neqoxec (D)
  2 chaos spawn (D)
  A naga (D)
  A hell hound (D)
  A swamp drake (D)
  A black bear (D)
  2 laughing skulls (D)
  9 wolves (D)
  2 ogres (D)
  A centaur (D)
  A phantom (D)
  A bullfrog (D)
  A necrophage (D)
  A scorpion (D)
  5 killer bees (D)
  3 orc priests (D)
  3 iguanas (D)
  3 orc wizards (D)
  A river rat (D)
  2 adders (D)
  An adder skeleton (D)
  A dart slug (D)
  9 orcs (D)
  2 bat zombies (D)
  2 endoplasms (D)
  A ball python zombie (D)
  3 frilled lizards (D)
  4 kobolds (D)
  A rat (D)
210 creatures vanquished.

Vanquished Creatures (collateral kills)
  A deep elf sorcerer (D)
1 creature vanquished.

Vanquished Creatures (others)
  An anaconda (D)
  A ball python zombie (D)
  3 kobolds (D)
5 creatures vanquished.

Grand Total: 216 creatures vanquished

Notes
Turn   | Place    | Note
-------+----------+-------------------------------------------
     0 | D        | Groucho the Gargoyle Fighter began the quest for the Orb.
     0 | D        | Reached XP level 1. HP: 14/14 MP: 1/1
    43 | D        | Found a glowing golden altar of the Shining One.
    43 | D        | Found a glowing silver altar of Zin.
    43 | D        | Found a basalt altar of Yredelemnul.
    43 | D        | Found a shimmering altar of Xom.
    43 | D        | Found an ornate altar of the Wu Jian Council.
    43 | D        | Found a bloodstained altar of Trog.
    43 | D        | Found a shimmering blue altar of Sif Muna.
    43 | D        | Found a sacrificial altar of Ru.
    43 | D        | Found a stormy altar of Qazlal.
    43 | D        | Found an iron altar of Okawaru.
    43 | D        | Found a sparkling altar of Nemelex Xobeh.
    43 | D        | Found a burning altar of Makhleb.
    43 | D        | Found a viscous altar of Jiyva.
    43 | D        | Found a hazy altar of Hepliaklqana.
    43 | D        | Found an opulent altar of Gozag.
    43 | D        | Found a blossoming altar of Fedhas.
    43 | D        | Found a white marble altar of Elyvilon.
    43 | D        | Found a shadowy altar of Dithmenos.
    43 | D        | Found a snail-covered altar of Cheibriados.
    44 | D        | Found a radiant altar of Vehumet.
    44 | D        | Found a corrupted altar of Lugonu.
    45 | D        | Found an ancient bone altar of Kikubaaqudgha.
    45 | D        | Found a hide-covered altar of Uskayaw.
    45 | D        | Found a broken altar of Ashenzari.
    48 | D        | Became a worshipper of Qazlal Stormbringer
    57 | D        | Noticed a glass eye
    65 | D        | Reached skill level 1 in Invocations
    65 | D        | Reached XP level 2. HP: 20/20 MP: 1/3
    82 | D        | Killed a glass eye
    83 | D        | Reached skill level 5 in Maces & Flails
    83 | D        | Reached skill level 5 in Invocations
    83 | D        | Reached XP level 3. HP: 28/28 MP: 2/6
    83 | D        | Reached XP level 4. HP: 32/32 MP: 2/7
    83 | D        | Reached XP level 5. HP: 37/37 MP: 2/8
   323 | D        | Reached * piety under Qazlal
   335 | D        | Noticed a glass eye
   345 | D        | Reached ** piety under Qazlal
   368 | D        | Killed a glass eye
   369 | D        | Reached skill level 6 in Invocations
   369 | D        | Reached XP level 6. HP: 44/44 MP: 8/11
   674 | D        | Noticed Sigmund
   677 | D        | Killed Sigmund
   678 | D        | Reached skill level 7 in Invocations
   678 | D        | Reached XP level 7. HP: 50/50 MP: 5/12
   690 | D        | Reached *** piety under Qazlal
   941 | D        | Noticed a fire bat
   953 | D        | Killed a fire bat
   954 | D        | Reached skill level 8 in Invocations
   954 | D        | Reached XP level 8. HP: 56/56 MP: 12/14
   973 | D        | Reached **** piety under Qazlal
  1145 | D        | Noticed a deep troll
  1147 | D        | Noticed a vampire mage
  1153 | D        | Killed a deep troll
  1154 | D        | Reached skill level 10 in Fighting
  1154 | D        | Reached skill level 10 in Armour
  1154 | D        | Reached skill level 10 in Shields
  1154 | D        | Reached skill level 9 in Invocations
  1162 | D        | Killed a vampire mage
  1163 | D        | Reached skill level 10 in Invocations
  1163 | D        | Reached XP level 9. HP: 57/63 MP: 12/16
  1274 | D        | Noticed an elephant
  1279 | D        | Killed an elephant
  1280 | D        | Reached skill level 10 in Maces & Flails
  1534 | D        | Noticed a bog body
  1534 | D        | Noticed a troll
  1534 | D        | Noticed a guardian serpent
  1535 | D        | Killed a guardian serpent
  1536 | D        | Reached ***** piety under Qazlal
  1537 | D        | Reached skill level 11 in Invocations
  1537 | D        | Killed a bog body
  1538 | D        | Reached XP level 10. HP: 71/71 MP: 8/18
  2315 | D        | Noticed a spriggan rider
  2351 | D        | Noticed an eidolon
  2358 | D        | Reached skill level 12 in Invocations
  2358 | D        | Killed an eidolon
  2358 | D        | Reached ****** piety under Qazlal
  2366 | D        | Noticed a phantasmal warrior
  2368 | D        | Killed a phantasmal warrior
  2698 | D        | Noticed an orc high priest
  2704 | D        | Killed an orc high priest
  2705 | D        | Reached skill level 13 in Invocations
  2705 | D        | Reached XP level 11. HP: 64/78 MP: 10/20
  2752 | D        | Noticed a sixfirhy
  2766 | D        | Killed a sixfirhy
  2828 | D        | Noticed a boulder beetle
  2828 | D        | Noticed a sea snake
  2829 | D        | Noticed a lindwurm
  2830 | D        | Killed a sea snake
  2830 | D        | Noticed Nessos
  2831 | D        | Killed a lindwurm
  2833 | D        | Killed Nessos
  2834 | D        | Reached skill level 14 in Invocations
  2875 | D        | Killed a shadow wraith
  3315 | D        | Killed a boulder beetle
  3496 | D        | Noticed a lindwurm
  3510 | D        | Killed a lindwurm
  3536 | D        | Noticed a two-headed ogre
  3538 | D        | Killed a two-headed ogre
  3539 | D        | Reached skill level 15 in Fighting
  3539 | D        | Reached skill level 15 in Armour
  3539 | D        | Reached skill level 15 in Shields
  3539 | D        | Reached XP level 12. HP: 87/87 MP: 12/22
  3547 | D        | Noticed an ogre mage
  3549 | D        | Noticed a two-headed ogre
  3549 | D        | Noticed a two-headed ogre
  3550 | D        | Noticed a two-headed ogre
  3552 | D        | Killed an ogre mage
  3556 | D        | Killed a two-headed ogre
  3556 | D        | Killed a two-headed ogre
  3557 | D        | Reached skill level 15 in Invocations
  3557 | D        | Killed a two-headed ogre
  3839 | D        | Reached skill level 1 in Dodging
  4236 | D        | Reached skill level 16 in Invocations
  4246 | D        | Noticed Gastronok
  4267 | D        | Killed Gastronok
  4310 | D        | Noticed a minotaur
  4314 | D        | Noticed a six-headed hydra
  4320 | D        | Killed a minotaur
  4436 | D        | Reached skill level 15 in Maces & Flails
  4513 | D        | Reached XP level 13. HP: 88/95 MP: 25/25
  4531 | D        | Noticed an orc warlord
  4532 | D        | Noticed Azrael
  4540 | D        | Killed an orc warlord
  4540 | D        | Killed Azrael
  4540 | D        | Gained mutation: You are clumsy. (Dex -2) [a neqoxec]
  4540 | D        | Noticed a vault guard
  4541 | D        | Reached skill level 17 in Invocations
  4545 | D        | Killed a vault guard
  4602 | D        | Noticed an orc warlord
  4612 | D        | Reached skill level 5 in Dodging
  4612 | D        | Noticed a yaktaur captain
  4617 | D        | Killed a yaktaur captain
  4620 | D        | Reached skill level 18 in Invocations
  4649 | D        | Killed an orc warlord
  4851 | D        | Noticed a mummy priest
  4857 | D        | Killed a mummy priest
  4864 | D        | Noticed a vault guard
  4885 | D        | Killed a vault guard
  4886 | D        | Reached skill level 19 in Invocations
  5654 | D        | Noticed a balrug
  5654 | D        | Noticed a shadow dragon
  5654 | D        | Killed a lorocyproca
  5655 | D        | Reached skill level 1 in Necromancy
  5656 | D        | Killed a shadow dragon
  5656 | D        | Killed a balrug
  5657 | D        | Gained mutation: Your large and strong wings let you fly.
                  | [Gargoyle growth]
  5657 | D        | Reached XP level 14. HP: 104/104 MP: 12/27
  5746 | D        | Killed a yellow draconian
  5774 | D        | Reached skill level 20 in Invocations
  6278 | D        | Got Zilow's Information on Posthumous Wanderlust
  6404 | D        | Reached skill level 1 in Axes
  7501 | D        | Noticed a deep elf annihilator
  7501 | D        | Noticed a nagaraja
  7502 | D        | Noticed a deep elf demonologist
  7510 | D        | Killed a deep elf demonologist
  7512 | D        | Killed a deep elf annihilator
  7516 | D        | Killed a nagaraja
  7517 | D        | Reached skill level 5 in Necromancy
  7518 | D        | Noticed a sphinx
  7519 | D        | Noticed a deep elf death mage
  7520 | D        | Killed a sphinx
  7521 | D        | Reached skill level 21 in Invocations
  7521 | D        | Killed a deep elf death mage
  7677 | D        | Noticed a nagaraja
  7687 | D        | Killed a nagaraja
  7714 | D        | Noticed a sphinx
  7717 | D        | Killed a sphinx
  7724 | D        | Noticed a white draconian
  7731 | D        | Killed a white draconian
  7768 | D        | Noticed a nagaraja
  7778 | D        | Killed a nagaraja
  7807 | D        | Noticed a ghoul
  7807 | D        | Noticed a ghoul
  7808 | D        | Noticed a spriggan defender
  7810 | D        | Killed a spriggan defender
  7812 | D        | Killed a ghoul
  7813 | D        | Reached skill level 5 in Axes
  7813 | D        | Reached XP level 15. HP: 90/111 MP: 9/29
  7813 | D        | Killed a ghoul
  7814 | D        | Reached skill level 22 in Invocations
  7818 | D        | Got the ring "Ishoc" {+Blink rPois rF+ Str+2 Dex-4}
  7821 | D        | Got the ring "Xoanaezo" {Wiz Str+3}
  7824 | D        | Got the ring "Reticied" {^Drain rPois Int+4 Dex+3}
  7827 | D        | Got the ring "Tafent" {rPois rF+ rN++ rCorr Str-3}
  7830 | D        | Got the ring of Haditi {Fly EV+6}
  7834 | D        | Got the ring "Gisucysu" {rN+ Will+ Str+4 Int-3}
  7837 | D        | Got the ring "Gakune Ipt" {rElec rC+ Int+2 SInv}
  7842 | D        | Got the ring "Huakh" {Wiz rPois}
  7845 | D        | Got the ring "Niapaits" {Fire rN+ Int+2 Dex+3}
  7848 | D        | Got the ring "Useotu" {rPois rF+ Int+3}
  7851 | D        | Got the ring "Tibb" {Will+ AC+6 Str+3 Dex+2}
  7853 | D        | Got the ring "Gytirr" {Str+2 SInv}
  7857 | D        | Got the ring of the Crown {Ice rPois Will+ Str-5 Int+5}
  7867 | D        | Noticed a deep elf sorcerer
  7873 | D        | Killed a deep elf sorcerer
  7877 | D        | Noticed a black draconian knight
  7878 | D        | Noticed an Executioner
  7892 | D        | Killed a black draconian knight
  7907 | D        | Killed an Executioner
  7909 | D        | Got the Incunabulum of the Red-Hot Lithosphere
  7909 | D        | Got the Secrets of Heated Peregrination
  8309 | D        | Got Dioll's Annotations on Injurious Geomancy
  8312 | D        | Got the Compendium of Congregated Ceraunoscopy
  8327 | D        | Got Quihafidd's Discursus on Dislocation and Heat
  8353 | D        | Got the amulet of Munapatuco {Regen+ MP+9}
  8356 | D        | Got the amulet "Guqed" {Spirit Str+5 Int+3 Slay-6}
  8359 | D        | Got the ring "Olluteem" {rC++ Slay+5}
  8363 | D        | Got the ring "Hoopse" {rN+ EV+5}
  8366 | D        | Got the amulet of Mafymeg {Spirit Rampage Int+3}
  8369 | D        | Got the amulet "Doydid" {RegenMP rN+ Will+ Regen+ Int-5}
  8372 | D        | Got the amulet of Dishonesty {Reflect rPois Str+4 SH+5
                  | SInv}
  8374 | D        | Got the ring of Lady Luck {rC+ rN+ Will+ MP+9}
  8376 | D        | Got the ring "Hompudwi" {rElec rCorr}
  8378 | D        | Got the amulet "Nutzo" {Spirit Fly Str+2 SInv}
  8381 | D        | Got the amulet "Xenk" {Regen+ rCorr}
  8384 | D        | Got the amulet "Adediw" {rN+ Regen+ MP+9 Dex+4}
  8387 | D        | Got the amulet of Equilibrium {Spirit rC++ Int+4 Slay-2}
  8392 | D        | Got the ring "Daqiypiw" {rC+ rCorr Int+6 Stlth+}
  8474 | D        | Noticed a pearl dragon
  8489 | D        | Killed a pearl dragon
  8752 | D        | Noticed a royal mummy
  8763 | D        | Killed a royal mummy
  8764 | D        | Reached skill level 10 in Dodging
  8774 | D        | Noticed an electric golem
  8790 | D        | Killed an electric golem
  8791 | D        | Reached skill level 23 in Invocations
  9891 | D        | Noticed the 27-headed Lernaean hydra
  9891 | D        | Noticed an orb of fire
  9891 | D        | Noticed an angel
  9891 | D        | Noticed a profane servitor
  9891 | D        | Noticed an orb of fire
  9892 | D        | Killed an angel
  9892 | D        | Killed the 27-headed Lernaean hydra
  9892 | D        | Killed a profane servitor
  9892 | D        | Killed an orb of fire
  9892 | D        | Killed from afar by an orb of fire

Illustrated notes

Levels and vault maps discovered:
D:        pitsprint [storerooms_1, entrance_room_1, metal_vault_3, armoury_1,
          mini_pit_1, grid_room_1, main_hall_1, silver_pit, the_coven_1,
          the_vestibule_1, steel_vault_2, golden_pit, hallway_of_sentries,
          crystal_vault_4, iron_vault_3, final_vault]

Skill      XL: |  1  2  3  4  5  6  7  8  9 10 11 12 13 14 15 |
---------------+----------------------------------------------+-----
Invocations    | 1 5 6 7 8 10 11 13 14 16 19 21 23 | 23.0
Fighting       | 6 7 8 9 10 11 13 15 16 18 19 20 | 20.2
Maces & Flails | 5 6 7 9 10 12 13 15 16 17 | 17.0
Armour         | 6 7 8 9 10 11 13 15 16 17 19 20 | 20.0
Shields        | 6 7 8 9 10 11 13 15 16 17 19 | 19.9
Dodging        | 3 7 9 10 | 10.3
Necromancy     | 2 6 |  6.0
Axes           | 5 7 |  7.1

Action                     |  1- 3 |  4- 6 |  7- 9 | 10-12 | 13-15 || total
---------------------------+-------+-------+-------+-------+-------++-------
  Melee: Mace              |    25 |    31 |    29 |       |       ||    85
         Flail             |     6 |       |       |       |       ||     6
         Whip              |       |       |    14 |       |       ||    14
         Morningstar       |       |       |     1 |   165 |    61 ||   227
         Demon whip        |       |       |       |       |   129 ||   129
         Broad axe         |       |       |       |       |    73 ||    73
 Invoke: Upheaval          |       |     2 |    16 |    32 |    50 ||   100
         Disaster Area     |       |       |       |     1 |     9 ||    10
    Use: Potion            |       |     1 |     1 |     1 |    33 ||    36
         Scroll            |       |       |       |     1 |     3 ||     4
   Stab: Distracted        |       |       |       |       |     2 ||     2
 Armour: Scale mail        |     9 |     3 |       |       |       ||    12
         Chain mail        |       |       |    21 |       |       ||    21
         Plate armour      |       |       |     1 |   127 |    51 ||   179
         Storm dragon scal |       |       |       |       |   302 ||   302
  Dodge: Dodged            |     6 |     4 |    10 |    46 |   119 ||   185
         Repelled          |       |       |       |     2 |     8 ||    10
  Block: Buckler           |     2 |     2 |    20 |   102 |   237 ||   363
